 Dungeon Crawl Stone Soup version 0.29.1-1-gd02db6906a (webtiles) character file.

Game seed: 13562275216305844767

18562 funnyparkerb the Thaumaturge (level 12, -18/103 HPs)
             Began as a Djinni Fire Elementalist on Oct 10, 2022.
             Was a Priest of Ashenzari.
             Demolished by an alligator (20 damage)
             ... on level 1 of the Lair of Beasts.
             The game lasted 00:30:04 (12870 turns).

funnyparkerb the Thaumaturge (DjFE)                Turns: 12870, Time: 00:30:05

Health: -18/103    AC: 10    Str:  7    XL:     12   Next: 96%
Gold:   582        EV: 11    Int: 22    God:    Ashenzari [***...] SH:  5 Dex: 14

rFire   + + .      SeeInvis +   t - +4 dagger "Profound Dismay" {Evo, Fort} (curse)
rCold   x . .      Faith    .   K - +0 buckler "Fetters of Ashenzari" {Cun, Self} (curse)
rNeg    . . .      Spirit   .   v - +1 troll leather armour "Restrained Autotheism" {Regen+, Pargi, Self, Evo} (curse)
rPois   ∞          Reflect  .   (no helmet)
rElec   .          Harm     .   D - +0 cloak
rCorr   .          Rampage  .   (no gloves)
Will    ++...      Clarity  +   (boots unavailable)
Stlth   ++........              (no amulet)
HPRegen 1.07/turn               i - ring "Cosmic Vexation" {AC+4, Fort, Self} (curse)
MPRegen 0.00/turn               y - ring "Astrological Portent" {Will+, Range, Evo} (curse)

@: flying, slowed, constricted, studying Spellcasting, very slow
A: sickness immunity, fire resistance 2, cold vulnerability 1, float, innate
caster, HP casting, extra vitality 1
a: Renounce Religion, Shatter the Chains


You were on level 1 of the Lair of Beasts.
You worshipped Ashenzari.
Ashenzari was most pleased with you.
You visited 3 branches of the dungeon, and saw 13 of its levels.

You collected 582 gold pieces.

Inventory:

Hand Weapons
 t - the cursed +4 dagger "Profound Dismay" (weapon) {Evo, Fort}
   (You took it off a kobold on level 3 of the Dungeon)

   It has a curse which improves the following skills: Evocations: Evocations.
   Fortitude: Armour and Shields.
 I - a +4 dagger of chaos
 M - the +8 trident of the Octopus King {venom, rElec rPois}
   (You found it on level 10 of the Dungeon)

   It poisons the flesh of those it strikes.
   rElec:     It insulates you from electricity.
   rPois:     It protects you from poison.
Missiles
 s - 9 curare-tipped darts
Armour
 v - the cursed +1 troll leather armour "Restrained Autotheism" (worn) {Regen+, Pargi, Self, Evo}
   (You found it on level 3 of the Dungeon)

   Regen:     It increases your rate of health regeneration.
   It has a curse which improves the following skills: Introspection: Fighting
   and Spellcasting.
   Evocations: Evocations.
 D - a +0 cloak (worn)
 J - a +0 cloak
 K - the cursed +0 buckler "Fetters of Ashenzari" (worn) {Cun, Self}
   (You found it on level 10 of the Dungeon)

   It has a curse which improves the following skills: Cunning: Dodging and
   Stealth.
   Introspection: Fighting and Spellcasting.
Jewellery
 i - the cursed ring "Cosmic Vexation" (left hand) {AC+4, Fort, Self}
   (You found it on level 4 of the Dungeon)

   [ring of protection]

   AC:        It affects your AC (+4).
   It has a curse which improves the following skills: Fortitude: Armour and
   Shields.
   Introspection: Fighting and Spellcasting.
 y - the cursed ring "Astrological Portent" (right hand) {Will+, Range, Evo}
   (You found it on level 5 of the Dungeon)

   [ring of willpower]

   Will:      It increases your willpower.
   It has a curse which improves the following skills: Ranged Combat: Ranged
   Weapons and Throwing.
   Evocations: Evocations.
 A - a ring of resist corrosion
 F - a ring of positive energy
Wands
 m - a wand of flame (50)
 x - a wand of digging (5)
 C - a wand of charming (20)
 N - a wand of iceblast (6)
Scrolls
 a - 3 scrolls of noise
 c - 5 scrolls of magic mapping
 d - 5 scrolls of enchant weapon
 e - 3 scrolls of vulnerability
 g - 2 scrolls of torment
 h - 5 scrolls of immolation
 j - a scroll of blinking
 o - a scroll of teleportation
 p - 4 scrolls of fear
 w - a scroll of summoning
 z - 2 scrolls of poison
 B - 3 scrolls of identify
Potions
 b - 3 potions of might
 f - a potion of cancellation
 k - 5 potions of lignification
 l - a potion of berserk rage
 n - 2 potions of mutation
 q - 2 potions of attraction
 r - 2 potions of degeneration
 u - 5 potions of curing
 E - 3 potions of heal wounds
 G - a potion of brilliance
 H - a potion of haste
 L - a potion of ambrosia


   Skills:
 * Level 12.5(15.7) Fighting
 + Level 5.8(7.4) Dodging
 - Level 1.5(2.7) Stealth
 - Level 2.1(4.0) Shields
 * Level 13.1(16.3) Spellcasting


You had 17 spell levels left.
You knew the following spells:

 Your Spells              Type           Power      Damage    Failure   Level
a - Foxfire               Conj/Fire      100%       2x1d9     0%          1
b - Scorch                Fire           100%       2d10      0%          2
c - Conjure Flame         Conj/Fire      74%        6-21      1%          3
d - Inner Flame           Hex/Fire       74%        N/A       1%          3
e - Flame Wave            Conj/Fire      74%        2d16      1%          4
f - Summon Small Mammal   Summ           100%       N/A       0%          1
g - Blink                 Tloc           100%       N/A       0%          2
h - Portal Projectile     Hex/Tloc       100%       N/A       1%          3
i - Ozocubu's Armour      Ice            74%        N/A       1%          3
j - Passage of Golubria   Tloc           74%        N/A       1%          4
Your spell library was empty.

Dungeon Overview and Level Annotations

Branches:
Dungeon (11/15)            Temple (1/1) D:6            Lair (1/5) D:8
    Orc: D:9-12

Altars:
Ashenzari
Cheibriados
Dithmenos
Elyvilon
Fedhas
Gozag
Hepliaklqana
Makhleb
Nemelex Xobeh
Okawaru
Qazlal
Ru
Trog
Uskayaw
Wu Jian
Xom
Yredelemnul
Zin
The Shining One

Shops:
D:8 *

Annotations:
D:7 3 runed translucent doors, drewk1942's ghost, novice DrCj
D:9 exclusion: ice statue
Lair:1 Gastronok


Innate Abilities, Weirdness & Mutations

You are immune to sickness and miasma.
You are immune to poison.
Your flesh is very heat resistant. (rF++)
You are vulnerable to cold. (rC-)
You float through the air rather than walking.
You learn spells naturally, not from books.
Your magical power is your life essence.
You have superior vitality. (+4 MHP)


Message History

Confirm with . or Enter, or press ? or * to list all spells.
You blink.
The alligator is engulfed in blazing flames.
The yak is no longer more vulnerable to fire.
The anaconda barely misses you. The anaconda bites you.
The anaconda closely misses you. The anaconda bites you.
You block the alligator's attack.
The alligator tail-slaps you but does no damage.
The anaconda attacks as you move away! You block the anaconda's attack.
The alligator bites you!! The alligator tail-slaps you!
* * * LOW HITPOINT WARNING * * *
You block the anaconda's attack. The anaconda closely misses you.
The alligator barely misses you. The alligator closely misses you.
Okay, then.
Casting: Blink (safe; 0% risk of failure)
Confirm with . or Enter, or press ? or * to list all spells.
Okay, then.
Blink to where?
Press: ? - help, Dir - move target
As you read the scroll of blinking, it crumbles to dust.
The water moccasin closely misses you.
Being near the torpor snail leaves you feeling lethargic.
The water moccasin barely misses you. The alligator bites you.
* * * LOW HITPOINT WARNING * * *
The alligator tail-slaps you.
* * * LOW HITPOINT WARNING * * *
Casting: Blink (safe; 0% risk of failure)
Confirm with . or Enter, or press ? or * to list all spells.
You blink.
* * * LOW HITPOINT WARNING * * *
The anaconda grabs you. The anaconda closely misses you.
The anaconda constricts you.
* * * LOW HITPOINT WARNING * * *
You block the water moccasin's attack. The anaconda bites you!
* * * LOW HITPOINT WARNING * * *
The anaconda constricts you.
* * * LOW HITPOINT WARNING * * *
The torpor snail is engulfed in blazing flames.
The alligator bites you!!
You die...

....†.............# , ,
* ....†##....)......#
...##≈≈..........##
..##≈≈≈..........#
..#≈≈≈~.......#########
###≈≈~.......##....#..#
#
#≈≈....##.###.......####
,
#≈~..#######....≈≈.....#
,
#≈~....##....S@≈≈~≈...#
,
#≈≈≈.......§≈tS≈≈≈≈~..##
,,
#≈≈≈≈~~..~≈~≈≈≈≈≈≈≈~≈..#
##≈≈≈≈≈~~≈≈≈≈≈≈≈≈≈≈≈≈.#
,
####≈≈≈≈≈≈###w≈≈≈≈≈..#*
, ########Y†§≈hS~...#
*(!hY{.#.Y~~....#
###*[t|w.{#.......## *
#.####SS ##...≈#≈# *


You could see an alligator (swift), an anaconda, a torpor snail, a black mamba,
a yak, a water moccasin and a wolf.

Vanquished Creatures
  A dire elephant (Lair:1)
  2 hydras
  2 two-headed ogres
  Erica (D:9)
  Pikel (D:9)
  A cyclops (D:11)
  A black mamba (Lair:1)
  2 cane toads (Lair:1)
  An unseen horror (D:11)
  Psyche (D:9)
  Maggie (Lair:1)
  3 rime drakes (Lair:1)
  A komodo dragon (Lair:1)
  A polar bear (Lair:1)
  3 hornets
  3 blink frogs (Lair:1)
  A vampire (D:11)
  2 shadows (D:11)
  2 wyverns
  27 yaks
  2 basilisks (Lair:1)
  A steam dragon (D:7)
  Edmund (D:4)
  5 water moccasins
  2 orc warriors
  3 ice beasts
  Pargi (D:3)
  2 black bears
  9 wolves (Lair:1)
  2 ogres
  2 centaurs
  3 lemures (D:9)
  A phantom (D:6)
  2 kobold brigands
  4 bullfrogs
  3 scorpions
  8 wights
  6 howler monkeys
  An electric eel (Lair:1)
  A jelly (D:4)
  2 gnoll boudas
  10 orc priests
  4 hounds
  2 iguanas
  Natasha (thrice) (D:2)
  13 orc wizards
  A hell rat (Lair:1)
  8 gnolls
  9 adders
  A shadow imp (D:7)
  2 white imps
  An ufetubus (D:6)
  2 worms
  3 dart slugs (D:1)
  35 orcs
  7 bats
  8 endoplasms
  A giant cockroach (D:2)
  6 goblins
  9 hobgoblins
  6 jackals
  10 quokkas
  4 ball pythons
  4 frilled lizards
  21 kobolds
  5 rats
293 creatures vanquished.

Vanquished Creatures (collateral kills)
  35 foxfires (D:2)
35 creatures vanquished.

Vanquished Creatures (others)
  1058 foxfires
  2 fungi (Lair:1)
  30 plants
1090 creatures vanquished.

Grand Total: 1418 creatures vanquished

Notes
Turn   | Place    | Note
-------+----------+-------------------------------------------
     0 | D:1      | funnyparkerb the Djinni Fire Elementalist began the quest
                  | for the Orb.
     0 | D:1      | funnyparkerb set off with the following spells memorised:
                  | Foxfire, Scorch, Conjure Flame, Inner Flame, Flame Wave.
     0 | D:1      | Reached XP level 1. HP: 15/15 MP: 0/0
   330 | D:1      | Reached XP level 2. HP: 18/22 MP: 0/0
   660 | D:1      | Reached skill level 1 in Fighting
   894 | D:1      | Reached XP level 3. HP: 25/27 MP: 0/0
   894 | D:1      | Learned a level 1 spell: Summon Small Mammal
  1019 | D:1      | Reached skill level 3 in Spellcasting
  2400 | D:2      | Reached XP level 4. HP: 24/34 MP: 0/0
  2804 | D:2      | Found an iron altar of Okawaru.
  2836 | D:2      | Noticed Natasha
  2861 | D:2      | Killed Natasha
  2862 | D:2      | Reached XP level 5. HP: 8/40 MP: 0/0
  2862 | D:2      | Learned a level 2 spell: Blink
  2875 | D:2      | Noticed Natasha
  3114 | D:2      | Killed Natasha
  3507 | D:2      | Noticed Natasha
  3516 | D:2      | Killed Natasha
  4530 | D:3      | Reached XP level 6. HP: 41/46 MP: 0/0
  5132 | D:3      | Reached skill level 4 in Spellcasting
  5478 | D:4      | Noticed Pargi
  5478 | D:4      | Noticed a yak
  5519 | D:4      | Noticed a yak
  5520 | D:4      | Noticed a yak
  5522 | D:4      | Noticed a yak
  5523 | D:4      | Noticed a yak
  5567 | D:4      | You are sucked into a shaft and drop 1 floor!
  5567 | D:5      | Entered Level 5 of the Dungeon
  5699 | D:5      | Noticed a water moccasin
  5707 | D:5      | Killed a water moccasin
  5708 | D:5      | Reached XP level 7. HP: 44/53 MP: 0/0
  5708 | D:5      | Learned a level 3 spell: Portal Projectile
  5773 | D:4      | Noticed a yak
  5786 | D:3      | Killed Pargi
  5884 | D:3      | Killed a yak
  5885 | D:3      | Reached skill level 5 in Fighting
  5904 | D:3      | Killed a yak
  5905 | D:3      | Reached skill level 5 in Spellcasting
  5905 | D:3      | Reached XP level 8. HP: 29/61 MP: 0/0
  5906 | D:3      | Killed a yak
  5950 | D:3      | HP: 1/61 [yak (7)]
  6049 | D:3      | Killed a yak
  6051 | D:3      | Killed a yak
  6052 | D:3      | Reached skill level 6 in Spellcasting
  6054 | D:3      | Killed a yak
  6180 | D:4      | Found a white marble altar of Elyvilon.
  6182 | D:4      | Found a glowing silver altar of Zin.
  6229 | D:4      | Noticed Edmund
  6235 | D:4      | Killed Edmund
  6236 | D:4      | Reached XP level 9. HP: 62/67 MP: 0/0
  6236 | D:4      | Learned a level 3 spell: Ozocubu's Armour
  6648 | D:5      | Found an ornate altar of the Wu Jian Council.
  6938 | D:5      | Reached skill level 7 in Spellcasting
  7853 | D:6      | Found a staircase to the Ecumenical Temple.
  7861 | Temple   | Entered the Ecumenical Temple
  7916 | Temple   | Became a worshipper of Ashenzari the Shackled
  8153 | D:7      | Reached skill level 8 in Spellcasting
  8179 | D:7      | Found a runed translucent gate.
  8179 | D:7      | Found a runed translucent gate.
  8179 | D:7      | Found a runed translucent gate.
  8181 | D:7      | Noticed a hornet
  8181 | D:7      | Noticed drewk1942's ghost (novice DrCj)
  8344 | D:7      | Reached XP level 10. HP: 76/76 MP: 0/0
  8701 | D:7      | Found a hide-covered altar of Uskayaw.
  9200 | D:8      | Found Addia's Assorted Antiques.
  9215 | D:8      | Reached * piety under Ashenzari
  9284 | D:8      | Reached skill level 9 in Spellcasting
  9576 | D:8      | Reached XP level 11. HP: 84/85 MP: 0/0
  9576 | D:8      | Learned a level 4 spell: Passage of Golubria
  9577 | D:8      | Found a staircase to the Lair.
  9740 | D:8      | Reached ** piety under Ashenzari
 10240 | D:9      | Noticed a two-headed ogre
 10249 | D:9      | Killed a two-headed ogre
 10250 | D:9      | Reached skill level 10 in Fighting
 10250 | D:9      | Reached skill level 10 in Spellcasting
 10293 | D:9      | Noticed Pikel
 10301 | D:9      | Killed Pikel
 10549 | D:9      | Noticed Erica
 10560 | D:9      | Killed Erica
 10563 | D:9      | Noticed Psyche
 10568 | D:9      | Killed Psyche
 10863 | D:10     | Entered Level 10 of the Dungeon
 10944 | D:10     | Found an iron altar of Okawaru.
 11007 | D:10     | Identified a scroll of acquirement
 11026 | D:10     | Acquired a manual of Spellcasting
 11152 | D:10     | Found the +8 trident of the Octopus King {venom, rElec
                  | rPois}
 11530 | D:11     | Noticed a two-headed ogre
 11536 | D:11     | Killed a two-headed ogre
 11537 | D:11     | Reached skill level 11 in Spellcasting
 11678 | D:11     | Reached *** piety under Ashenzari
 11822 | D:11     | Noticed a five-headed hydra
 11828 | D:11     | Killed a five-headed hydra
 11829 | D:11     | Reached XP level 12. HP: 95/98 MP: 0/0
 12135 | Lair:1   | Entered Level 1 of the Lair of Beasts
 12135 | Lair:1   | Noticed Maggie
 12140 | Lair:1   | Killed Maggie
 12273 | Lair:1   | Reached skill level 1 in Shields
 12276 | Lair:1   | Reached skill level 12 in Spellcasting
 12371 | Lair:1   | Noticed a dire elephant
 12476 | Lair:1   | Killed a dire elephant
 12631 | Lair:1   | Reached skill level 5 in Dodging
 12636 | Lair:1   | Noticed a four-headed hydra
 12640 | Lair:1   | Killed a four-headed hydra
 12698 | Lair:1   | Reached skill level 13 in Spellcasting
 12790 | Lair:1   | Noticed Gastronok
 12851 | Lair:1   | Noticed an alligator
 12851 | Lair:1   | Noticed an anaconda
 12870 | Lair:1   | HP: 5/103 [anaconda (9)]
 12870 | Lair:1   | HP: 2/103 [constriction (3)]
 12870 | Lair:1   | Demolished by an alligator

Illustrated notes

Levels and vault maps discovered:
D:1:      co_arrival_random_square_maze, layout_basic
D:2:      wad_woods_stonehenge, layout_loops_cross, uniq_natasha
D:3:      layout_basic
D:4:      cheibrodos_barr_body, layout_rooms,
          chequers_temple_overflow_statue_of_worship, uniq_pargi, uniq_edmund
D:5:      layout_loops_ring, nzn_wu_jian_contemplation
D:6:      hellmonk_destroyed_diamonds, layout_basic, minmay_temple_entry_trees,
          dk_noncrumbling_3, minmay_misc_feat_secret_circle
D:7:      layout_layer_cave, lemuel_crystal_altar, gammafunk_ghost_split,
          chequers_serial_rivers_small_b, nicolae_sextant
D:8:      layout_basic, lair_entry_dummy, serial_shops, nicolae_stop_n_shop_2,
          chequers_serial_rivers_micro_c
D:9:      lemuel_ice_statue, layout_basic, uniq_pikel, uniq_erica, uniq_psyche
D:10:     layout_basic, okawaru_trees_2
D:11:     layout_cave_pools
Temple:   minmay_temple_bridge_d
Lair:1:   layout_cave_pods, nicolae_lair_lakeside_cave, grunt_megastairs_1,
          lemuel_fruit_fields, serial_bayou_shore_b, lemuel_fruit_tree,
          uniq_maggie, uniq_gastronok, uniq_amaemon

Skill      XL: |  1  2  3  4  5  6  7  8  9 10 11 12 |
---------------+-------------------------------------+-----
Fighting       | 1 2 3 4 5 6 8 9 11 12 | 12.5
Spellcasting   | 3 4 5 6 8 9 11 13 | 13.1
Dodging        | 3 5 |  5.8
Shields        | 2 |  2.1
Stealth        | |  1.5

Action                   |  1- 3 |  4- 6 |  7- 9 | 10-12 || total
-------------------------+-------+-------+-------+-------++-------
Melee: Short sword       |     1 |     2 |       |       ||     3
 Cast: Foxfire           |    84 |   111 |   134 |   329 ||   658
       Scorch            |    12 |    43 |    91 |   226 ||   372
       Conjure Flame     |       |       |     6 |    11 ||    17
       Blink             |       |       |     4 |    17 ||    21
       Ozocubu's Armour  |       |       |       |     8 ||     8
       Flame Wave        |       |       |       |     9 ||     9
       Summon Small Mamm |       |       |       |     1 ||     1
Invok: Curse Item        |       |       |       |     6 ||     6
       Shatter the Chain |       |       |       |     1 ||     1
  Use: Scroll            |       |       |     9 |     3 ||    12
Armor: Robe              |       |     4 |     1 |       ||     5
       Troll leather arm |       |       |    10 |    32 ||    42
Dodge: Dodged            |     1 |    15 |    26 |    59 ||   101
Block: Buckler           |       |       |       |    17 ||    17
